 Dungeon Crawl Stone Soup version 0.25.0-26-g0c896c7088 (webtiles) character file.

Game seed: 1113918167723507706

22 Descartes the Chiller (level 2, 0/14 HPs)
             Began as a Spriggan Wanderer on July 4, 2020.
             Slain by a hobgoblin
             ... wielding a +0 club
              (2 damage)
             ... on level 2 of the Dungeon.
             The game lasted 00:02:54 (1428 turns).

Descartes the Chiller (Spriggan Wanderer)           Turns: 1428, Time: 00:02:55

Health: 0/14       AC:  2    Str:  5    XL:     2   Next: 68%
Magic:  0/6        EV: 17    Int: 15    God:
Gold:   30         SH:  0    Dex: 16    Spells: 4/5 levels left

rFire    . . .     SeeInvis +   b - +0 dagger
rCold    . . .     Gourm    .   (shield restricted)
rNeg     . . .     Faith    .   e - +0 robe
rPois    .         Spirit   .   (helmet restricted)
rElec    .         Reflect  .   (no cloak)
rCorr    .         Harm     .   (gloves unavailable)
MR       .....                  (boots unavailable)
Stlth    ++........             (no amulet)
HPRegen  0.04/turn              (no ring)
MPRegen  0.10/turn              (no ring)

@: very slightly contaminated, very quick
A: very small, unfitting armour, see invisible, herbivore, speed 3, slow
metabolism 2
a: no special abilities


You were on level 2 of the Dungeon.
You were not hungry.

You visited 1 branch of the dungeon, and saw 2 of its levels.

You collected 30 gold pieces.

Inventory:

Hand Weapons
 a - a +0 shortbow
 b - a +0 dagger (weapon)
Missiles
 c - 32 arrows
 h - 46 stones (quivered)
 j - 7 atropa-tipped darts
 k - 23 sling bullets
Armour
 e - a +0 robe (worn)
Jewellery
 m - a +6 ring of intelligence {unknown}
Scrolls
 d - 2 scrolls of teleportation
 g - 2 scrolls of magic mapping {unknown}
 i - a scroll of amnesia {unknown}
Potions
 l - a potion of stabbing {unknown}
 n - a potion of brilliance {unknown}
 o - a potion of heal wounds {unknown}
Comestibles
 f - a ration


   Skills:
 - Level 1.0 Fighting
 - Level 1.2 Bows
 - Level 2.0 Throwing
 + Level 2.3 Dodging
 * Level 2.7 Stealth
 + Level 2.0 Spellcasting
 - Level 3.2 Ice Magic


You had 4 spell levels left.
You knew the following spells:

 Your Spells              Type           Power        Failure   Level  Hunger
a - Freeze                Ice            ##..         6%          1    #......

Your spell library contained the following spells:

 Spells                   Type           Power        Failure   Level  Hunger
 Frozen Ramparts          Ice            ##....       17%         3    ###....
 Ozocubu's Armour         Chrm/Ice       #.......     34%         3    ###....
 Hailstorm                Conj/Ice       #.......     75%         4    #####..
 Summon Ice Beast         Ice/Summ       #.......     75%         4    #####..


Dungeon Overview and Level Annotations

Branches:
Dungeon (2/15)

Altars:

Annotations:
D:1 Terence


Innate Abilities, Weirdness & Mutations

You are very small and have problems with some larger weapons.
You are too small for most types of armour.
You have supernaturally acute eyesight. (SInv)
You are a herbivore.
You cover ground extremely quickly.
You need to consume almost no food.


Message History

Press: ? - help, Shift-Dir - straight line, f/p - jackal
Aim: a jackal (heavily wounded)
You freeze the jackal.
You kill the jackal!
The ball python closely misses you. The ball python grabs you.
The ball python constricts you.
Casting: Freeze (safe; 6% risk of failure)
Confirm with . or Enter, or press ? or * to list all spells.
Aiming: Freeze (safe; 6% risk of failure)
Press: ? - help, Shift-Dir - straight line, f - ball python
Aim: a ball python (moderately wounded, constricting you)
You freeze the ball python.
You kill the ball python!
Casting: Freeze (safe; 6% risk of failure)
Confirm with . or Enter, or press ? or * to list all spells.
You don't have enough magic to cast that spell.
Unknown command.
You hit the hobgoblin but do no damage. The hobgoblin misses you.
You completely miss the hobgoblin. The hobgoblin hits you with a +0 club.
You die...

.......†......#
..............#
...........<..#
..!.........?.#
..............#
###..#........#
#..##.####+##
#. #g# .. #@#
## #....#
#.#### #.# #..
###


You could see a hobgoblin.

Vanquished Creatures
  2 dart slugs (D:1)
  A ball python (D:2)
  2 giant cockroaches (D:1)
  2 goblins (D:1)
  3 hobgoblins (D:1)
  2 jackals (D:2)
  2 frilled lizards
  3 kobolds (D:1)
17 creatures vanquished.

Notes
Turn   | Place    | Note
-------+----------+-------------------------------------------
     0 | D:1      | Descartes the Spriggan Wanderer began the quest for the
                  | Orb.
     0 | D:1      | Descartes set off with the following items: a +0 shortbow,
                  | 28 arrows, a scroll of teleportation, a +0 robe, a ration;
                  | and the following spell memorised: Freeze; and the
                  | following spells available to memorise: Frozen Ramparts,
                  | Ozocubu's Armour, Hailstorm, Summon Ice Beast
     0 | D:1      | Reached XP level 1. HP: 10/10 MP: 3/3
   204 | D:1      | Reached skill level 1 in Stealth
   429 | D:1      | Reached XP level 2. HP: 14/14 MP: 5/5
  1230 | D:2      | Noticed Terence
  1428 | D:2      | Slain by a hobgoblin

Illustrated notes

Levels and vault maps discovered:
D:1:      tarquinn_simple_flora_water_e, layout_basic, minmay_misc_feat_doors
D:2:      layout_basic, grunt_temple_overflow_cloverleaf, serial_rivers,
          chequers_serial_rivers_small_b, chequers_serial_rivers_micro_c,
          chequers_serial_rivers_marsh, chequers_serial_rivers_room_b,
          uniq_robin, uniq_terence

Skill      XL: |  1  2 |
---------------+-------+-----
Stealth        | 1 2 |  2.7
Dodging        | 2 |  2.3
Spellcasting   | 2 |  2.0
Fighting       | |  1.0
Bows           | |  1.2
Throwing       | |  2.0
Ice Magic      | |  3.2

Action                   || total
-------------------------++-------
Melee: Dagger            ||    14
 Fire: Shortbow          ||    54
 Cast: Freeze            ||    14
Armor: Robe              ||     3
Dodge: Dodged            ||    40
